 Dungeon Crawl Stone Soup version 0.30-a0-954-gcf5f444c16 (webtiles) character file.

Game seed: 1938958090393798700

379 CrazyBamboolord the Covert (level 7, -3/61 HPs)
             Began as a Kobold Brigand on Mar 29, 2023.
             Slain by Grinder (4 damage)
             ... on level 4 of the Dungeon.
             The game lasted 00:06:11 (2554 turns).

CrazyBamboolord the Covert (Kobold Brigand)         Turns: 2554, Time: 00:06:11

Health: -3/61      AC: 23    Str:  9    XL:     7   Next: 4%
Magic:  7/7        EV:  3    Int: 12    God:
Gold:   158        SH:  0    Dex: 18    Spells: 6/6 levels left

rFire   + . .      SeeInvis .    a - +2 dagger
rCold   + . .      Faith    .    (no shield)
rNeg    . . .      Spirit   .    q - melded +2 robe of Ykoxzeq {Dex+3}
rPois   +          Reflect  .    o - melded +0 helmet
rElec   +          Rampage  .    c - melded +0 cloak
rCorr   +          NoTele   +    (gloves currently unavailable)
Will    .....                    (boots currently unavailable)
Stlth   +++++                    (no amulet)
HPRegen 0.30/turn                (no ring)
MPRegen 0.10/turn                (no ring)

@: tree-form, resistant, attractive
A: stationary, stasis, torment immunity, boosted hp, small, no large weapons,
nightstalker 3
a: no special abilities


You were on level 4 of the Dungeon.
You were a tree.
You visited 1 branch of the dungeon, and saw 4 of its levels.

You collected 158 gold pieces.

Inventory:

Hand Weapons
 a - a +2 dagger (weapon)
Missiles
 d - 12 poisoned darts
 e - a curare-tipped dart (quivered)
 j - 4 boomerangs of dispersal
Armour
 c - a +0 cloak (melded)
 o - a +0 helmet (melded)
 q - the +2 robe of Ykoxzeq (melded) {Dex+3}
   (You found it on level 2 of the Dungeon)

   Dex:       It affects your dexterity (+3).
 z - an orb of mayhem
Scrolls
 b - a scroll of blinking
 f - a scroll of summoning
 g - a scroll of teleportation {unknown}
 i - a scroll of poison {unknown}
 t - a scroll of enchant armour {unknown}
 w - a scroll of noise {unknown}
 x - a scroll of immolation {unknown}
 y - a scroll of vulnerability {unknown}
Potions
 h - a potion of brilliance
 l - 4 potions of flight
 n - a potion of attraction
 s - a potion of heal wounds {unknown}
 u - 2 potions of mutation {unknown}
 v - 2 potions of curing {unknown}


   Skills:
 * Level 3.0 Fighting
 * Level 4.7 Short Blades
 * Level 3.0 Throwing
 * Level 2.5 Dodging
 * Level 8.8 Stealth


You had 6 spell levels left.
You didn't know any spells.
Your spell library contained the following spells:

 Spells                   Type           Power      Damage    Failure   Level
 Static Discharge         Conj/Air       0%         2-2/arc   45%         2
 Inner Flame              Hex/Fire       0%         N/A       69%         3
 Vhi's Electric Charge    Tloc/Air       0%         N/A       69%         3
 Flame Wave               Conj/Fire      0%         2d4       97%         4
 Sticky Flame             Conj/Fire      0%         2d3       97%         4
 Arcjolt                  Conj/Air       0%         1d10      100%        5
 Plasma Beam              Fire/Air       0%         2x1d7     100%        5


Dungeon Overview and Level Annotations

Branches:
Dungeon (4/15)
 Temple: D:4-7

Altars:
Wu Jian

Annotations:
D:4 Grinder


Innate Abilities, Weirdness & Mutations

You are a tree.
Your roots penetrate the ground, keeping you stationary.
You cannot be teleported.
You are immune to unholy pain and torment.
Your maximum health is greatly increased.
Your equipment is partially melded.
You are small and have problems with some larger weapons.
You are completely attuned to the shadows.


Message History

You closely miss Grinder.
Grinder is heavily wounded.
Grinder gestures at you.
You suddenly lose the ability to move!
Grinder hits you.
You writhe in agony.
Grinder says, "Wait up."
Grinder hits you.
You writhe in agony.
Grinder hits you.
You writhe in agony.
* * * LOW HITPOINT WARNING * * *
Grinder hits you but does no damage. Grinder hits you!
* * * LOW HITPOINT WARNING * * *
You writhe in agony.
* * * LOW HITPOINT WARNING * * *
You can move again.
It was a potion of attraction.
You feel attractive to monsters. Grinder hits you but does no damage.
It was a potion of magic.
Magic courses through your body. Grinder misses you.
It was a potion of resistance.
You feel protected. Grinder hits you but does no damage.
It was a potion of lignification.
You turn into a tree.
Your +0 cloak melds into your body.
Your +0 helmet melds into your body.
The +2 robe of Ykoxzeq {Dex+3} melds into your body.
Your roots penetrate the ground.
Grinder hits you but does no damage.
You hit Grinder.
Grinder is severely wounded.
Grinder hits you but does no damage.
You barely miss Grinder.
Grinder is severely wounded.
You closely miss Grinder.
Grinder is severely wounded.
Grinder hits you but does no damage.
You hit Grinder.
Grinder is severely wounded.
Grinder hits you.
* * * LOW HITPOINT WARNING * * *
You writhe in agony.
You die...

...........##.#
...#######.##.#
...# #.†..#
...# ##...#
#### ##..#
###..######.
............
....##.#....
##.. #.♣5(..
#... ###....
..#. .(.. ####


You could see Grinder.

Vanquished Creatures
  An ice beast (D:3)
  Blork the orc (D:4)
  A jelly (D:3)
  A sleepcap (D:4)
  A gnoll (D:1)
  4 adders
  5 worms
  4 dart slugs
  9 orcs (D:3)
  4 bats
  4 endoplasms
  4 giant cockroaches
  6 goblins
  5 hobgoblins
  7 jackals (D:1)
  A quokka (D:2)
  11 ball pythons
  2 frilled lizards (D:1)
  8 kobolds
  2 rats
81 creatures vanquished.

Vanquished Creatures (others)
  4 plants (D:2)
  7 withered plants (D:2)
11 creatures vanquished.

Grand Total: 92 creatures vanquished

Notes
Turn   | Place    | Note
-------+----------+-------------------------------------------
     0 | D:1      | CrazyBamboolord the Kobold Brigand began the quest for the
                  | Orb.
     0 | D:1      | Reached XP level 1. HP: 12/12 MP: 1/1
    36 | D:1      | Reached XP level 2. HP: 17/17 MP: 2/2
    74 | D:1      | Reached skill level 6 in Stealth
   232 | D:1      | Reached XP level 3. HP: 22/22 MP: 3/3
   832 | D:2      | Identified the +2 robe of Ykoxzeq {Dex+3}
   867 | D:2      | Reached XP level 4. HP: 27/27 MP: 4/4
  1244 | D:2      | Identified the +1 trident of Imbalance {drain, Drain Dex+8}
  1351 | D:2      | Found a faded altar of an unknown god.
  1367 | D:2      | Reached skill level 7 in Stealth
  1570 | D:3      | Reached XP level 5. HP: 31/31 MP: 5/5
  1971 | D:3      | Noticed an ice beast
  1985 | D:3      | Killed an ice beast
  1986 | D:3      | Reached skill level 8 in Stealth
  1986 | D:3      | Reached XP level 6. HP: 36/36 MP: 6/6
  2132 | D:3      | Found an ornate altar of the Wu Jian Council.
  2389 | D:4      | Noticed Blork the orc
  2396 | D:4      | Killed Blork the orc
  2397 | D:4      | Reached XP level 7. HP: 41/41 MP: 7/7
  2505 | D:4      | Noticed Grinder
  2509 | D:4      | Paralysed by Grinder for 4 turns
  2534 | D:4      | Paralysed by Grinder for 2 turns
  2541 | D:4      | Paralysed by Grinder for 5 turns
  2546 | D:4      | HP: 1/41 [Grinder (3)]
  2554 | D:4      | HP: 1/61 [Grinder (3)]
  2554 | D:4      | Slain by Grinder

Illustrated notes

Levels and vault maps discovered:
D:1:      lightli_arrival_chessboard, layout_rooms, minmay_misc_feat_alley,
          minivault_19, hangedman_abyss_or_decor_lesser_grid
D:2:      layout_basic, shapermc_ecumenical_altar_flowoftime
D:3:      minmay_diamond_boxcup, layout_loops_ring, nzn_wu_jian_council_hall
D:4:      layout_rooms, general_overflow_altar, uniq_grinder, uniq_edmund,
          uniq_blork_the_orc

Skill      XL: |  1  2  3  4  5  6 |
---------------+-------------------+-----
Stealth        | 6 7 8 |  8.8
Short Blades   | 3 4 |  4.7
Dodging        | 2 |  2.5
Fighting       | 3 |  3.0
Throwing       | 3 |  3.0

Action                     |  1- 3 |  4- 6 |  7- 9 || total
---------------------------+-------+-------+-------++-------
  Melee: Dagger            |    77 |   118 |    42 ||   237
         Punch             |     1 |     1 |     1 ||     3
  Throw: Dart              |     2 |       |     4 ||     6
    Use: Scroll            |       |     3 |     1 ||     4
         Potion            |       |       |     4 ||     4
   Stab: Sleeping          |    12 |    21 |       ||    33
         Distracted        |     2 |     2 |       ||     4
 Armour: Robe              |    10 |    11 |     6 ||    27
         Skin              |       |       |     3 ||     3
  Dodge: Dodged            |    87 |    71 |    19 ||   177

Table legend: (Time is in decaauts)
 A = Elapsed time spent in this place.
 B = Non-inter-level travel time spent in this place.
 C = Inter-level travel time spent in this place.
 D = Time resting spent in this place.
 E = Time spent auto-exploring this place.
 F = Levels seen in this place.
 G = Mean time per level.
                   A        B        C        D        E       F      G
               +--------+--------+--------+--------+--------+-----+--------+
         Total |   2510 |   2397 |    113 |      0 |   1868 |   4 |  627.5 |
       Dungeon |   2510 |   2397 |    113 |      0 |   1868 |   4 |  627.5 |
               +--------+--------+--------+--------+--------+-----+--------+

Top non-repeatable levels by time:
     D:3: 814 daAuts
     D:2: 795 daAuts
     D:1: 748 daAuts
     D:4: 152 daAuts
